 Dungeon Sprint DCSS version 0.21-a0-205-ge9f4a53 (webtiles) character file.

538 Prongo the Cruncher (level 7, -7/54 HPs)
             Began as a Demonspawn Gladiator on Aug 20, 2017.
             Was a Believer of Qazlal.
             Mangled by a komodo dragon (30 damage)
             ... in the Dungeon (Sprint IX: "|||||||||||||||||||||||||||||").
             The game lasted 00:01:03 (309 turns).

Prongo the Cruncher (Demonspawn Gladiator)           Turns: 309, Time: 00:01:03

Health: -7/54      AC:  9    Str: 15    XL:     7   Next: 5%
Magic:  7/12       EV: 16    Int: 12    God:    Qazlal [**....]
Gold:   0          SH:  3    Dex: 16    Spells: 6/6 levels left

rFire    . . .     SeeInvis .   o - +4 quarterstaff (speed)
rCold    . . .     Gourm    .   (shield currently unavailable)
rNeg     . . .     Faith    .   r - +2 ring mail
rPois    .         Spirit   .   (helmet unavailable)
rElec    .         Reflect  .   p - +0 cloak
rCorr    .         Harm     .   q - +0 pair of gloves
MR       .....     NoTele   +   (no boots)
Stlth    +.........             (no amulet)
HPRegen  0.18/turn              s - +3 ring of intelligence
MPRegen  0.13/turn              t - +2 ring of evasion

@: very slightly contaminated
A: horns 3, spiny 1
a: Upheaval, Renounce Religion


You were in the Dungeon.
You worshipped Qazlal.
Qazlal was pleased with you.
You were not hungry.

You visited 1 branch

Inventory:

Hand Weapons
 o - a +4 quarterstaff of speed (weapon)
Missiles
 d - 3 throwing nets (quivered)
Armour
 p - a +0 cloak (worn)
 q - a +0 pair of gloves (worn)
 r - a +2 ring mail (worn)
Jewellery
 s - a +3 ring of intelligence (left hand)
 t - a +2 ring of evasion (right hand)
Wands
 n - a wand of iceblast (7/15)
Scrolls
 k - 2 scrolls of blinking
 l - 3 scrolls of remove curse
 m - 2 scrolls of amnesia
Potions
 e - 5 potions of curing
 g - 2 potions of heal wounds
 h - a potion of haste
 i - 4 potions of magic
Comestibles
 f - a bread ration


   Skills:
 + Level 4.2 Fighting
 + Level 11.3 Staves
 - Level 1.7 Throwing
 + Level 2.6 Armour
 + Level 5.7 Dodging
 * Level 6.7 Invocations


You had 6 spell levels left.
You didn't know any spells.

Dungeon Overview and Level Annotations

Branches:
Dungeon (1/1)

Altars:
Cheibriados
Dithmenos
Elyvilon
Fedhas
Gozag
Hepliaklqana
Kikubaaqudgha
Makhleb
Nemelex Xobeh
Okawaru
Qazlal
Ru
Sif Muna
Trog
Uskayaw
Vehumet
Wu Jian
Xom
Yredelemnul
Zin
The Shining One
Beogh
Jiyva
Lugonu


Innate Abilities, Weirdness & Mutations

You have a pair of large horns on your head.
You are partially covered in sharp spines.


Message History

You sock the big kobold! Your headbutt misses the big kobold.
The big kobold is almost dead.
The big kobold barely misses you.
You sock the big kobold!
You kill the big kobold!
Qazlal accepts your kill.
You have reached level 7!
You hit the komodo dragon but do no damage.
You headbutt the komodo dragon!
The komodo dragon is lightly wounded.
You hit the komodo dragon but do no damage.
The komodo dragon is lightly wounded.
The komodo dragon bites you!!
You barely miss the komodo dragon.
The komodo dragon is lightly wounded.
You barely miss the komodo dragon.
The komodo dragon is lightly wounded.
The komodo dragon bites you!!
Ouch! That really hurt!
You die...

▓[▓
▓'▓
▓)▓
▓†▓
▓)▓
▓.▓
▓.▓
▓.▓
▓@▓
▓l▓
▓J▓
▓Z▓
▓.▓
▓.▓
▓.▓
▓+▓


You could see a komodo dragon, a jelly and an adder skeleton.

Vanquished Creatures
  An orc warrior (D)
  A centaur (D)
  2 big kobolds (D)
  A bullfrog (D)
  A scorpion (D)
  A hound (D)
  3 worker ants (D)
  An ooze (D)
  2 leopard geckos (D)
  A goblin (D)
  A hobgoblin (D)
  A quokka (D)
  2 bats (D)
  A kobold (D)
19 creatures vanquished.

Vanquished Creatures (others)
  A spatial maelstrom (D)
1 creature vanquished.

Grand Total: 20 creatures vanquished

Notes
Turn   | Place    | Note
-------+----------+-------------------------------------------
     0 | D        | Prongo the Demonspawn Gladiator began the quest for the Orb.
     0 | D        | Reached XP level 1. HP: 16/16 MP: 1/1
     2 | D        | Banished a spatial maelstrom
     7 | D        | Reached skill level 3 in Staves
    17 | D        | Reached skill level 4 in Staves
   144 | D        | Noticed a centaur
   144 | D        | Noticed a worker ant
   147 | D        | Gained mutation: You have a pair of small horns on your head. [demonic ancestry]
   147 | D        | Reached XP level 2. HP: 22/22 MP: 2/2
   151 | D        | Killed a centaur
   151 | D        | Reached skill level 8 in Staves
   151 | D        | Reached XP level 3. HP: 27/27 MP: 3/3
   151 | D        | Gained mutation: You have a pair of horns on your head. [demonic ancestry]
   151 | D        | Reached XP level 4. HP: 33/33 MP: 4/4
   156 | D        | Reached skill level 9 in Staves
   182 | D        | Found a roughly hewn altar of Beogh.
   182 | D        | Found a snail-covered altar of Cheibriados.
   182 | D        | Found a shadowy altar of Dithmenos.
   182 | D        | Found a white marble altar of Elyvilon.
   182 | D        | Found a blossoming altar of Fedhas.
   182 | D        | Found an opulent altar of Gozag.
   183 | D        | Found a hazy altar of Hepliaklqana.
   184 | D        | Found a viscous altar of Jiyva.
   185 | D        | Found an ancient bone altar of Kikubaaqudgha.
   186 | D        | Found a corrupted altar of Lugonu.
   187 | D        | Found a burning altar of Makhleb.
   188 | D        | Found a sparkling altar of Nemelex Xobeh.
   189 | D        | Found an iron altar of Okawaru.
   190 | D        | Found a stormy altar of Qazlal.
   191 | D        | Found a sacrificial altar of Ru.
   192 | D        | Found a deep blue altar of Sif Muna.
   193 | D        | Found a bloodstained altar of Trog.
   194 | D        | Found a hide-covered altar of Uskayaw.
   195 | D        | Found a radiant altar of Vehumet.
   196 | D        | Found an ornate altar of the Wu Jian Council.
   197 | D        | Found a shimmering altar of Xom.
   198 | D        | Became a worshipper of Qazlal Stormbringer
   199 | D        | Found a basalt altar of Yredelemnul.
   200 | D        | Found a glowing silver altar of Zin.
   201 | D        | Found a glowing golden altar of the Shining One.
   255 | D        | Noticed an orc warrior
   255 | D        | Noticed a bullfrog
   255 | D        | Noticed a big kobold
   266 | D        | Killed an orc warrior
   266 | D        | Reached skill level 1 in Armour
   266 | D        | Gained mutation: You are partially covered in sharp spines. [demonic ancestry]
   266 | D        | Reached XP level 5. HP: 40/40 MP: 4/7
   270 | D        | Reached skill level 10 in Staves
   270 | D        | Gained mutation: You have a pair of large horns on your head. [demonic ancestry]
   270 | D        | Reached XP level 6. HP: 39/47 MP: 4/9
   274 | D        | Reached * piety under Qazlal
   281 | D        | Reached skill level 5 in Invocations
   284 | D        | Reached ** piety under Qazlal
   284 | D        | Reached skill level 5 in Dodging
   289 | D        | Noticed a komodo dragon
   295 | D        | Reached skill level 11 in Staves
   305 | D        | Reached XP level 7. HP: 40/54 MP: 6/12
   309 | D        | Mangled by a komodo dragon

Vault maps used:
D:        linesprint

Skill      XL: |  1  2  3  4  5  6 |
---------------+-------------------+-----
Staves         | 4 8 9 10 11 | 11.3
Armour         | 1 2 |  2.6
Dodging        | 4 5 |  5.7
Invocations    | 3 4 6 |  6.7
Fighting       | 3 4 |  4.2
Throwing       | |  1.7

Action                   |  1- 3 |  4- 6 |  7- 9 || total
-------------------------+-------+-------+-------++-------
Melee: Quarterstaff      |    18 |    43 |     4 ||    65
       Headbutt          |       |     8 |     1 ||     9
  Use: Potion            |     1 |     2 |       ||     3
 Stab: Invisible         |       |     4 |       ||     4
Armor: Leather armour    |     6 |       |       ||     6
       Ring mail         |       |     2 |       ||     2
Dodge: Dodged            |     9 |    16 |       ||    25
